 Seeded DCSS version 0.31.0-11-ge490571c62 (webtiles) character file.

Game seed: 1199980653827765208 (custom seed)

9 CInkIbrahim the Ruffian (level 2, 21/21 HPs)
             Began as a Demonspawn Shapeshifter on Jan 29, 2024.
             Was an Initiate of Gozag.
             Quit the game on level 1 of the Dungeon.
             The game lasted 00:00:23 (181 turns).

CInkIbrahim the Ruffian (Demonspawn Shapeshifter)    Turns: 181, Time: 00:00:23

Health: 21/21      AC:  2    Str: 14    XL:     2   Next: 3%
Magic:  2/2        EV: 12    Int: 10    God:    Gozag
Gold:   13         SH:  0    Dex: 12    Spells: 1/1 levels left

rFire   . .          .
                       - Unarmed
rCold   . . .        (no shield)
rNeg    . . .        a - +0 animal skin
rPois   .            (helmet currently unavailable)
rElec   .            (cloak currently unavailable)
rCorr   .            (gloves currently unavailable)
SInv    .            (boots currently unavailable)
Will    .....        (no amulet)
Stlth   +            (no ring)
HPRegen 1.23/turn    (no ring)
MPRegen 0.08/turn

%: no passive effects
@: beast-form, gold aura
A: beast (slay +1), powered by death 1
a: Begin Untransformation, Renounce Religion, Potion Petition, Call Merchant,
Bribe Branch


You were on level 1 of the Dungeon.
You worshipped Gozag.
Gozag was noncommittal.
You were a hulking beast.
You visited 1 branch of the dungeon, and saw 1 of its levels.

You collected 13 gold pieces.

Inventory:

Armour
 a - a +0 animal skin (worn)
Talismans
 c - a beast talisman
 d - a flux talisman
Scrolls
 e - a scroll of teleportation {unknown}
 f - a scroll of amnesia {unknown}
Potions
 b - a potion of lignification


   Skills:
 - Level 1.0 Fighting
 - Level 1.7 Dodging
 + Level 3.2 Unarmed Combat
 - Level 2.6 Shapeshifting


You had one spell level left.
You didn't know any spells.
Your spell library was empty.

Dungeon Overview and Level Annotations

Branches:
Dungeon (1/15)

Altars:
Gozag


Innate Abilities, Weirdness & Mutations

You are a hulking beast.
Your limbs bulge with bestial killing power. (Slay +1)
You regenerate a little health from kills.


Message History

You are too injured to fight recklessly!
You closely miss the hobgoblin.
The hobgoblin is almost dead.
The hobgoblin closely misses you.
You hit the hobgoblin.
You kill the hobgoblin!
Your Unarmed Combat skill increases to level 3!
You hit the dart slug.
The dart slug is heavily wounded.
The dart slug bites you but does no damage.
You hit the dart slug.
The dart slug is heavily wounded.
You hit the dart slug.
You kill the dart slug!
You see here a hobgoblin corpse.
A bat comes into view.
The bat misses you. The bat hits you.
You hit the bat.
You kill the bat!
You have reached level 2!
Your demonic ancestry asserts itself...
A wave of death washes over you.
Found 15 gold pieces.
You see here a bat corpse.
Found a faded altar of an unknown god.
A ball python comes into view.
There is a faded altar of an unknown god here.
This altar belongs to (a) Wu Jian, (b) Sif Muna or (c) Gozag, but you can't tell which.
Press the corresponding letter to learn more about a god, or press enter to convert or escape to cancel.
Gozag accepts your prayer! Gozag welcomes you!
Gozag waives the service fee.
You barely miss the ball python. The ball python barely misses you. x2
You closely miss the ball python.
The ball python bites you but does no damage.
The ball python grabs you. The ball python constricts you.
You hit the ball python.
You kill the ball python!
No target in view!
There is an opulent altar of Gozag here.
Are you sure you want to abandon this character and quit the game? (Confirm with "yes".)

#. #....# #. #.## #....#
#. ## #..###....###.
#.#########..†.........
.###P...#.P..###.....###.
#P..P...#..P...P#:...#
#...P.P.#.......##...#
P.......#PP..P....#$.#
..P.P..Ph.....P.P.#....
...P..$.#.....PP..#..###
#.......#PPP....##...#
#...P..P#P.P$...# ..
.###.P..#....###..
..#########.. ... ### ###
..


There were no monsters in sight!

Vanquished Creatures
  A dart slug (D:1)
  2 ball pythons (D:1)
  2 hobgoblins (D:1)
  A bat (D:1)
  A rat (D:1)
7 creatures vanquished.

Notes
Turn   | Place    | Note
-------+----------+-------------------------------------------
     0 | D:1      | CInkIbrahim the Demonspawn Shapeshifter began the quest for
                  | the Orb.
     0 | D:1      | Reached XP level 1. HP: 15/15 MP: 1/1
   126 | D:1      | Reached skill level 3 in Unarmed Combat
   163 | D:1      | Gained mutation: You regenerate a little health from kills.
                  | [demonic ancestry]
   163 | D:1      | Reached XP level 2. HP: 20/21 MP: 2/2
   165 | D:1      | Found a faded altar of an unknown god.
   175 | D:1      | Prayed at the altar of an unknown god.
   175 | D:1      | Became a worshipper of Gozag Ym Sagoz the Greedy
   181 | D:1      | Quit the game

Illustrated notes

Levels and vault maps discovered:
D:1:      dpeg_arrival_line_fractal, layout_basic, shapermc_ecumenical_altar_gd

Skill      XL: |  1 |
---------------+----+-----
Unarmed Combat | 3 |  3.2
Fighting       | |  1.0
Dodging        | |  1.7
Shapeshifting  | |  2.6

Action                     || total
---------------------------++-------
  Melee: Unarmed           ||    20
 Armour: Animal skin       ||     9
  Dodge: Dodged            ||     7
